 Dungeon Sprint DCSS version 0.19-a0-1908-g43c011f (webtiles) character file.

5528 esc the Unseen (level 10, -4/57 HPs)
             Began as a Spriggan Enchanter on Oct 22, 2016.
             Was an Elder of Dithmenos.
             Slain by a kraken (42 damage)
             ... in the Dungeon (Sprint II: "The Violet Keep of Menkaure").
             The game lasted 00:09:40 (1892 turns).

esc the Unseen (Spriggan Enchanter)                 Turns: 1892, Time: 00:09:41

Health: -4/57      AC:  4    Str:  4    XL:     10   Next: 43%
Magic:  14/27      EV: 30    Int: 22    God:    Dithmenos [****..]
Gold:   1449       SH:  0    Dex: 17    Spells: 5 memorised, 21 levels left

rFire  . . .     SeeInvis +     a - +1 dagger
rCold  . . .     Gourm    .     b - +2 robe
rNeg   . . .     Faith    .     (shield restricted)
rPois  .         Spirit   .     (helmet restricted)
rElec  .         Reflect  .     (no cloak)
rCorr  .         Harm     .     (gloves unavailable)
MR     +....     NoTele   +     (boots unavailable)
Stlth  +++++++++.               (no amulet)
                                (no ring)
                                t - +2 ring of intelligence

@: wreathed by umbra, very quick
A: unfitting armour, see invisible, herbivore 3, speed 3, slow metabolism 2
a: Shadow Step, Renounce Religion


You were in the Dungeon.
You worshipped Dithmenos.
Dithmenos was greatly pleased with you.
You were not hungry.

You visited 1 branch You collected 1449 gold pieces.

Inventory:

Hand Weapons
 a - a +1 dagger (weapon)
Armour
 b - a +2 robe (worn)
Rods
 l - a +2 rod of shadows (15/15)
   (You found it in the Dungeon)
Jewellery
 t - a +2 ring of intelligence (left hand)
   (You found it in the Dungeon)
Scrolls
 j - a scroll of blinking {!r}
 k - a scroll of enchant armour
 m - 4 scrolls of identify
 r - a scroll of immolation {unknown}
 u - a scroll of amnesia {unknown}
Potions
 e - 6 potions of flight
 f - a potion of curing
 g - a potion of haste
 h - 5 potions of magic
 i - 4 potions of resistance {unknown}
 o - a potion of ambrosia {unknown}
 q - a potion of cure mutation {unknown}
 s - a potion of invisibility {unknown}
Books
 c - a book of Maledictions
Comestibles
 d - 3 bread rations {@e1}
 n - a slice of pizza


   Skills:
 + Level 8.6 Fighting
 - Level 11.1 Short Blades
 + Level 14.3 Dodging
 + Level 15.6 Stealth
 + Level 12.3 Spellcasting
 + Level 12.5 Hexes
 + Level 2.7 Evocations


You had 21 spell levels left.
You knew the following spells:

 Your Spells              Type           Power        Failure   Level  Hunger
a - Ensorcelled Hibernat  Hex/Ice        #####.       1%          2    None
b - Tukima's Dance        Hex            ######..     1%          3    None
c - Confuse               Hex            ######..     1%          3    None
d - Dazzling Spray        Conj/Hex       #####.       1%          3    None
v - Corona                Hex            ######.      1%          1    None


Dungeon Overview and Level Annotations

Branches:
Dungeon (1/1)

Altars:
Cheibriados
Dithmenos
Elyvilon
Fedhas
Gozag
Hepliaklqana
Kikubaaqudgha
Makhleb
Nemelex Xobeh
Okawaru
Qazlal
Ru
Sif Muna
Trog
Uskayaw
Vehumet
Xom
Yredelemnul
Zin
The Shining One
Beogh
Jiyva
Lugonu


Innate Abilities, Weirdness & Mutations

You are very small and have problems with some larger weapons.
You are too small for most types of armour.
You have supernaturally acute eyesight. (SInv)
You are a herbivore.
You cover ground extremely quickly.
You need consume almost no food.


Message History

Aim: a kraken (water, lightly wounded, umbra, chance to defeat MR: 30%)
The kraken looks drowsy...
You now have 20/27 mp.
Unknown command.
The kraken bites you!!
* * * LOW HITPOINT WARNING * * *
You emit a cloud of dark smoke.
You take 23 damage, and have 17/57 hp.
MASSIVE DAMAGE!!
There is an open door here.
You see here 26 arrows.
Put on which piece of jewellery? (? for menu, Esc to quit)
You feel clever.
t - a +2 ring of intelligence (left hand) Put on which piece of jewellery? (? for menu, Esc to quit)
Oops, that ring feels deathly cold.
x - a cursed -6 ring of evasion (right hand)
Okay, then.
As you read the scroll labeled GASCHOU TEICLELO, it crumbles to dust.
It is a scroll of identify.
e - 6 potions of flight
As you read the scroll labeled IKOFRY ZUKI, it crumbles to dust.
It is a scroll of enchant armour.
Your +1 robe glows green for a moment.
As you read the scroll labeled PEGEUQOJIE, it crumbles to dust.
The scroll dissolves into smoke.
It was a scroll of fog.
As you read the scroll labeled BAOFRADAUN, it crumbles to dust.
It is a scroll of recharging.
Charge which item? (? for menu, Esc to quit)
Your twisted runed rod glows for a moment.
As you read the scroll labeled QAUSCHI HIQUROI, it crumbles to dust.
You feel as if something is helping you.
It was a scroll of remove curse.
Drop what? 21/52 slots (_ for help) (? for menu, Esc to quit)
You remove your -6 ring of evasion.
You drop a -6 ring of evasion.
You start resting.
Health restored: 57; MP restored: 27 You see here 26 arrows.
Tentacles burst out of the water! 2 tentacles come into view.
There is an open door here.
You see here 26 arrows.
The tentacle misses you. The tentacle slaps you!!
You take 24 damage, and have 33/57 hp.
MASSIVE DAMAGE!!
You see here a -6 ring of evasion.
You start resting.
Health restored: 57 You see here 26 arrows.
Tentacles burst out of the water! 2 tentacles come into view.
You see here 26 arrows.
The tentacle misses you.
You see here a -6 ring of evasion.
You see here 26 arrows.
You can't see any susceptible monsters within range! (Use Z to cast anyway.)
You can't see any susceptible monsters within range! (Use Z to cast anyway.)
There is an open door here.
Aim: a kraken (water, umbra, chance to defeat MR: 32%)
The kraken easily resists.
You now have 25/27 mp.
Aim: a kraken (water, umbra, chance to defeat MR: 32%)
The kraken easily resists.
Tentacles burst out of the water! 2 tentacles come into view.
You now have 23/27 mp.
The tentacle slaps you!!
You emit a cloud of dark smoke.
You take 22 damage, and have 35/57 hp.
MASSIVE DAMAGE!!
The tentacle misses you.
You see here 26 arrows.
The tentacle barely misses you. The tentacle completely misses you.
You see here a -6 ring of evasion.
A tentacle is nearby!
You see here a -6 ring of evasion.
You see here 26 arrows.
There is an open door here.
Aim: a kraken (water, umbra, chance to defeat MR: 32%)
The kraken easily resists.
You now have 23/27 mp.
Aim: a kraken (water, umbra, chance to defeat MR: 32%)
The kraken easily resists.
You now have 21/27 mp.
Aim: a kraken (water, umbra, chance to defeat MR: 32%)
The kraken looks drowsy...
You now have 19/27 mp.
The helpless kraken fails to defend itself.
You stick the kraken like a pincushion!!!!
The kraken completely misses you.
Aim: a kraken (water, severely wounded, umbra)
The spray of energy hits the kraken.
The kraken squirts a massive cloud of ink into the water!
You now have 17/27 mp.
Aim: a kraken (ink, water, severely wounded, umbra)
The spray of energy hits the kraken.
The kraken closely misses you. The kraken bites you!!!
Ouch! That really hurt!
You die...

.#..#):▓........▓▓
.##.#))▓.(....(.▓▓
...####▓..(...(%▓▓
#..##.#▓.[.(...[▓▓
'..#).#▓)(...(.)▓▓
#..#..#▓[.(.[..)▓▓
#..##.#▓=...§...▓▓
##...##▓▓▓▓▓▓▓'▓▓▓▓+▓
.≈≈≈≈≈≈≈≈≈≈≈§§..@X§≈▓
.≈#'########+###.§§≈▓
.≈#..._._._#t§§##§§≈▓
.≈#.._._._.#§≈§§####▓
≈≈#._._._._#§≈≈≈§
§≈#_._._._.#§≈§≈≈
§≈#._._._..#§§§§≈≈
§≈#_._._...#§§§§§t
≈≈#._._....#≈≈§


You could see a kraken.

Vanquished Creatures
  A crystal guardian (D)
  A fire dragon (D)
  A death yak (D)
  2 death drakes (D)
  A siren (D)
  A yaktaur (D)
  3 polar bears (D)
  A hornet (D)
  2 wyverns (D)
  4 neqoxecs (D)
  2 swamp drakes (D)
  4 worker ants (D)
  3 worms (D)
26 creatures vanquished.

Vanquished Creatures (others)
  A crocodile (D)
  44 tentacles (D)
45 creatures vanquished.

Grand Total: 71 creatures vanquished

Notes
Turn   | Place    | Note
-------+----------+-------------------------------------------
     0 | D        | esc the Spriggan Enchanter began the quest for the Orb.
     0 | D        | Reached XP level 1. HP: 9/9 MP: 5/5
     4 | D        | Reached skill level 3 in Spellcasting
    17 | D        | Reached skill level 2 in Short Blades
    17 | D        | Reached skill level 5 in Stealth
    17 | D        | Reached skill level 4 in Hexes
    24 | D        | Reached skill level 1 in Fighting
    24 | D        | Reached XP level 2. HP: 8/14 MP: 7/7
    90 | D        | Killed a crocodile
   223 | D        | Learned a level 2 spell: Ensorcelled Hibernation
   227 | D        | Reached skill level 4 in Dodging
   227 | D        | Reached skill level 6 in Stealth
   227 | D        | Reached skill level 4 in Spellcasting
   227 | D        | Reached XP level 3. HP: 18/18 MP: 7/9
   230 | D        | Reached skill level 2 in Fighting
   230 | D        | Reached skill level 3 in Short Blades
   230 | D        | Reached skill level 5 in Dodging
   230 | D        | Reached skill level 5 in Hexes
   234 | D        | Reached skill level 7 in Stealth
   234 | D        | Reached XP level 4. HP: 16/23 MP: 1/11
   267 | D        | Reached skill level 4 in Short Blades
   267 | D        | Reached skill level 6 in Dodging
   267 | D        | Reached skill level 5 in Spellcasting
   460 | D        | Learned a level 3 spell: Confuse
   464 | D        | Learned a level 3 spell: Tukima's Dance
   468 | D        | Learned a level 3 spell: Dazzling Spray
   469 | D        | Noticed a neqoxec
   472 | D        | Killed a neqoxec
   472 | D        | Reached skill level 3 in Fighting
   472 | D        | Reached skill level 5 in Short Blades
   472 | D        | Reached skill level 7 in Dodging
   472 | D        | Reached skill level 9 in Stealth
   472 | D        | Reached skill level 6 in Spellcasting
   472 | D        | Reached skill level 6 in Hexes
   472 | D        | Reached XP level 5. HP: 28/28 MP: 10/14
   500 | D        | Noticed a neqoxec
   501 | D        | Killed a neqoxec
   501 | D        | Reached skill level 4 in Fighting
   501 | D        | Reached skill level 6 in Short Blades
   501 | D        | Reached skill level 8 in Dodging
   501 | D        | Reached skill level 7 in Spellcasting
   501 | D        | Reached skill level 7 in Hexes
   501 | D        | Reached XP level 6. HP: 34/34 MP: 15/17
   515 | D        | Noticed a neqoxec
   515 | D        | Noticed a neqoxec
   520 | D        | Killed a neqoxec
   520 | D        | Reached skill level 9 in Dodging
   520 | D        | Reached skill level 10 in Stealth
   520 | D        | Reached skill level 8 in Hexes
   526 | D        | Killed a neqoxec
   526 | D        | Reached skill level 5 in Fighting
   526 | D        | Reached skill level 7 in Short Blades
   526 | D        | Reached skill level 11 in Stealth
   526 | D        | Reached skill level 8 in Spellcasting
   526 | D        | Reached XP level 7. HP: 39/39 MP: 8/19
   599 | D        | Noticed a siren
   602 | D        | Killed a siren
   602 | D        | Reached skill level 10 in Dodging
   602 | D        | Reached skill level 9 in Hexes
   615 | D        | Found a shimmering altar of Xom.
   616 | D        | Found a basalt altar of Yredelemnul.
   616 | D        | Found a sacrificial altar of Ru.
   617 | D        | Found a glowing silver altar of Zin.
   617 | D        | Found a deep blue altar of Sif Muna.
   618 | D        | Found a glowing golden altar of the Shining One.
   618 | D        | Found a bloodstained altar of Trog.
   618 | D        | Found an ancient bone altar of Kikubaaqudgha.
   618 | D        | Found a stormy altar of Qazlal.
   618 | D        | Found a viscous altar of Jiyva.
   619 | D        | Found a hide-covered altar of Uskayaw.
   619 | D        | Found a corrupted altar of Lugonu.
   619 | D        | Found a shadowy altar of Dithmenos.
   620 | D        | Found a radiant altar of Vehumet.
   620 | D        | Found a burning altar of Makhleb.
   620 | D        | Found a white marble altar of Elyvilon.
   621 | D        | Found a sparkling altar of Nemelex Xobeh.
   621 | D        | Found a blossoming altar of Fedhas.
   623 | D        | Found an iron altar of Okawaru.
   623 | D        | Found an opulent altar of Gozag.
   623 | D        | Found a hazy altar of Hepliaklqana.
   623 | D        | Found a snail-covered altar of Cheibriados.
   623 | D        | Noticed a hornet
   623 | D        | Noticed a polar bear
   624 | D        | Found a roughly hewn altar of Beogh.
   624 | D        | Noticed a yaktaur
   626 | D        | Noticed a polar bear
   635 | D        | Became a worshipper of Dithmenos the Shadowed
   649 | D        | Killed a polar bear
   649 | D        | Reached skill level 8 in Short Blades
   649 | D        | Reached skill level 12 in Stealth
   649 | D        | Reached skill level 9 in Spellcasting
   649 | D        | Reached XP level 8. HP: 44/44 MP: 18/22
   650 | D        | Noticed a polar bear
   660 | D        | Killed a polar bear
   660 | D        | Reached skill level 6 in Fighting
   660 | D        | Reached skill level 11 in Dodging
   666 | D        | Killed a polar bear
   666 | D        | Reached * piety under Dithmenos
   666 | D        | Reached skill level 10 in Hexes
   668 | D        | Killed a hornet
   673 | D        | Killed a yaktaur
   673 | D        | Reached skill level 9 in Short Blades
   673 | D        | Reached skill level 13 in Stealth
   673 | D        | Reached skill level 10 in Spellcasting
   762 | D        | Noticed a death drake
   767 | D        | Noticed a death drake
   767 | D        | Noticed a crystal guardian
   768 | D        | Reached ** piety under Dithmenos
   768 | D        | Reached skill level 12 in Dodging
   768 | D        | Reached XP level 9. HP: 49/49 MP: 22/24
   770 | D        | Killed a crystal guardian
   770 | D        | Reached skill level 7 in Fighting
   770 | D        | Reached skill level 10 in Short Blades
   770 | D        | Reached skill level 14 in Stealth
   770 | D        | Reached skill level 11 in Spellcasting
   770 | D        | Reached skill level 11 in Hexes
   771 | D        | Killed a death drake
   771 | D        | Reached *** piety under Dithmenos
   771 | D        | Reached skill level 13 in Dodging
   774 | D        | Killed a death drake
   774 | D        | Reached skill level 8 in Fighting
   774 | D        | Reached XP level 10. HP: 56/56 MP: 23/26
   795 | D        | Noticed a death yak
   797 | D        | Killed a death yak
   797 | D        | Reached skill level 11 in Short Blades
   797 | D        | Reached skill level 15 in Stealth
   797 | D        | Reached skill level 12 in Spellcasting
   797 | D        | Reached skill level 12 in Hexes
   811 | D        | Reached **** piety under Dithmenos
   813 | D        | Reached skill level 14 in Dodging
   822 | D        | Noticed a deep elf master archer
   825 | D        | Noticed a fire dragon
   835 | D        | HP: 9/57 [fire dragon (8)]
   996 | D        | HP: 14/57 [fire dragon/blast of flame (24)]
  1236 | D        | Noticed a kraken
  1467 | D        | Killed a fire dragon
  1467 | D        | Reached skill level 2 in Evocations
  1892 | D        | Slain by a kraken

Vault maps used:
D:        the_violet_keep_of_menkaure

Skill      XL: |  1  2  3  4  5  6  7  8  9 10 |
---------------+-------------------------------+-----
Spellcasting   | 3 4 6 7 8 9 10 11 12 | 12.3
Short Blades   | 2 3 5 6 7 8 9 10 11 | 11.1
Stealth        | 5 6 7 9 11 12 13 14 15 | 15.6
Hexes          | 4 5 6 7 8 9 10 11 12 | 12.5
Fighting       | 1 2 3 4 5 6 8 |  8.6
Dodging        | 4 5 7 8 9 10 12 13 14 | 14.3
Evocations     | 2 |  2.7

Action                   |  1- 3 |  4- 6 |  7- 9 | 10-12 || total
-------------------------+-------+-------+-------+-------++-------
Melee: Dagger            |    16 |    31 |    26 |     7 ||    80
 Cast: Ensorcelled Hiber |     3 |     8 |     3 |    31 ||    45
       Confuse           |       |       |     4 |       ||     4
       Dazzling Spray    |       |       |       |    10 ||    10
  Use: Potion            |     1 |     1 |       |     1 ||     3
       Scroll            |       |       |       |     5 ||     5
 Stab: Sleeping          |     4 |     5 |     8 |     6 ||    23
       Confused          |       |       |     5 |       ||     5
Armor: Robe              |       |       |       |     4 ||     4
Dodge: Dodged            |     9 |    29 |    16 |    61 ||   115

Vault maps used:
D:        the_violet_keep_of_menkaure

Table legend:
 A = Turns spent in this place as a percentage of turns spent in the entire game.
 B = Non-inter-level travel turns spent in this place as a percentage of non-inter-level travel turns spent in the entire game.
 C = Inter-level travel turns spent in this place as a percentage of turns spent in this place.
 D = Turns resting spent in this place as a percentage of non-inter-level travel turns spent in this place.
 E = Turns spent auto-exploring this place as a percentage of non-inter-level travel turns spent in this place.
 F = Non-inter-level travel turns spent in this place divided by the number of levels of this place that you've seen.
                   A       B       C       D       E      F
               +-------+-------+-------+-------+-------+----------------------
         Total | 100.0 | 100.0 |   0.0 |   4.7 |   0.0 | 666.0
       Dungeon | 100.0 | 100.0 |   0.0 |   4.7 |   0.0 | 666.0
               +-------+-------+-------+-------+-------+----------------------

Table legend:
 A = Kills in this place as a percentage of kills in entire the game.
 B = Kills by you in this place as a percentage of kills by you in the entire game.
 C = Kills by friends in this place as a percentage of kills by friends in the entire game.
 D = Other kills in this place as a percentage of other kills in the entire game.
 E = Experience gained in this place as a percentage of experience gained in the entire game.
 F = Experience gained in this place divided by the number of levels of this place that you have seen.
                   A       B       C       D       E      F
               +-------+-------+-------+-------+-------+----------------------
         Total | 100.0 | 100.0 |  -nan |  -nan | 100.0 | 7898.0
       Dungeon | 100.0 | 100.0 |  -nan |  -nan | 100.0 | 7898.0
               +-------+-------+-------+-------+-------+----------------------
